 Dungeon Crawl Stone Soup version 0.31.0-11-ge490571c62 (webtiles) character file.

Game seed: 8248127185435396275

223642 Xavori the Spry (level 20, -8/150 HPs)
             Began as a Djinni Chaos Knight on Jan 28, 2024.
             Was a Favourite Plaything of Xom.
             Mangled by a bunyip (17 damage)
             ... on level 2 of the Swamp.
             The game lasted 00:56:17 (39332 turns).

Xavori the Spry (Djinni Chaos Knight)              Turns: 39332, Time: 00:56:17

Health: -8/150     AC: 16    Str: 11    XL:     20   Next: 4%
Gold:   3981       EV: 24    Int: 13    God:    Xom [*.....] SH: 19 Dex: 24

rFire   + + +        Y - +8 long sword (venom)
rCold   + . .        B - +2 buckler {rN+}
rNeg    + . .        o - +3 salamander hide armour {Flames, rFlCloud rF++ rC--}
rPois   ∞            (helmet restricted)
rElec   +            J - +2 cloak {Stlth+}
rCorr   .            N - +0 pair of gloves
SInv    +            (boots unavailable)
Will    ++...        Z - amulet of reflection
Stlth   +++          Q - ring "Buhaong" {rElec rC+++ Int-5 Dex+6 SInv}
HPRegen 0.45/turn    v - ring of protection from cold
MPRegen 0.00/turn

%: reflection, clarity, infuse magic (-9 HP)
@: flying
A: sickness immunity, fire resistance 2, cold vulnerability 1, float, innate
caster, HP casting, extra vitality 1, antennae 2, iridescent scales 3, large
bone plates 1, see invisible, clarity, deformed body, sense surroundings 1,
electricity resistance, evolution 2, MP-powered wands
}: 1/15 runes: serpentine
a: Renounce Religion


You were on level 2 of the Swamp.
You worshipped Xom.
You were a special plaything of Xom.
You visited 5 branches of the dungeon, and saw 28 of its levels.
You also visited: Gauntlet and Ice Cave.

You collected 5858 gold pieces.
You spent 1877 gold pieces at shops.

Inventory:

Hand Weapons
 k - a +3 scimitar of flaming
 Y - a +8 long sword of venom (weapon)
Armour
 o - the +3 salamander hide armour (worn) {Flames, rFlCloud rF++ rC--}
   (You found it on level 3 of the Snake Pit)

   Flames:    It surrounds you with flame clouds and enhances your fire magic.
   rFlCloud:  It grants immunity to flame clouds.
   rF++:      It greatly protects you from fire.
   rC--:      It makes you very vulnerable to cold.
 q - the +0 pair of gloves "Duate" {Rampage Fly rC- Str+4}
   (You found it in a Gauntlet)

   Str+4:     It affects your strength (+4).
   rC-:       It makes you vulnerable to cold.
   Fly:       It grants you flight.
   Rampage:   It bestows one free step when moving towards enemies.
 B - a +2 buckler of positive energy (worn)
 I - +0 acid dragon scales
 J - a +2 cloak of stealth (worn)
 L - the +4 skin of Zhor {*Englaciate rC+++ SInv}
   (You found it in an ice cave)

   *Englaciate: It radiates cold, occasionally slowing all nearby creatures who
   are not resistant to cold.
   rC+++:     It renders you almost immune to cold.
   SInv:      It lets you see invisible.
 N - a +0 pair of gloves (worn)
Jewellery
 a - a +6 ring of intelligence
 i - a +6 ring of dexterity
 v - a ring of protection from cold (right hand)
 H - a ring of see invisible
 Q - the ring "Buhaong" (left hand) {rElec rC+++ Int-5 Dex+6 SInv}
   (You found it in a Gauntlet)

   [ring of dexterity]

   Int-5:     It affects your intelligence (-5).
   Dex+6:     It affects your dexterity (+6).
   rC+++:     It renders you almost immune to cold.
   rElec:     It insulates you from electricity.
   SInv:      It lets you see invisible.
 Z - an amulet of reflection (around neck)
Wands
 h - a wand of flame (58)
 y - a wand of mindburst (9)
 C - a wand of light (10)
 D - a wand of digging (18)
 G - a wand of charming (19)
 R - a wand of roots (5)
 V - a wand of polymorph (15)
Scrolls
 c - a scroll of butterflies
 d - a scroll of brand weapon
 e - 7 scrolls of fear
 j - 9 scrolls of enchant weapon
 r - 4 scrolls of fog
 u - 4 scrolls of enchant armour
 w - 4 scrolls of blinking
 z - 15 scrolls of teleportation
 F - 2 scrolls of summoning
 K - 7 scrolls of poison
 M - a scroll of revelation
 S - 2 scrolls of immolation
Potions
 f - 2 potions of heal wounds
 g - 2 potions of berserk rage
 m - 4 potions of enlightenment
 n - 4 potions of might
 p - 7 potions of haste
 s - 4 potions of lignification
 t - 13 potions of curing
 A - 4 potions of brilliance
 E - 5 potions of ambrosia
 P - 3 potions of cancellation
 U - a potion of invisibility {unknown}
 W - 2 potions of mutation
 X - 4 potions of resistance
Miscellaneous
 b - a lightning rod (4/4)
 l - a sack of spiders (inert)
 x - a phantom mirror
 O - a phial of floods
 T - a tin of tremorstones (2/2)


   Skills:
 + Level 15.4 Fighting
 + Level 15.2 Long Blades
 * Level 10.7 Armour
 + Level 15.6 Dodging
 + Level 10.3 Shields
 * Level 10.4 Spellcasting
 * Level 10.4 Conjurations
 * Level 10.4 Hexes
 * Level 10.4 Summonings
 * Level 10.4 Necromancy
 * Level 10.4 Translocations
 * Level 10.4 Fire Magic
 * Level 10.4 Ice Magic
 * Level 10.4 Air Magic
 * Level 10.4 Earth Magic
 * Level 10.4 Alchemy
 * Level 11.4 Evocations


You knew the following spells:

 Your Spells              Type           Power      Damage    Failure   Level
a - Freeze                Ice            100%       1d10      1%          1
b - Momentum Strike       Conj/Tloc      68%        3d9       1%          2
c - Blink                 Tloc           68%        N/A       1%          2
d - Swiftness             Air            34%        N/A       1%          3
e - Iskenderun's Battles  Conj           34%        2d9       6%          5
f - Summon Forest         Summ/Tloc      17%        N/A       6%          5
g - Eringya's Noxious Bo  Alch           17%        4d6       34%         6
h - Plasma Beam           Fire/Air       25%        2x1d37    34%         6
i - Summon Cactus Giant   Summ           17%        N/A       34%         6
Your spell library was empty.

Dungeon Overview and Level Annotations

Branches:
Dungeon (15/15)            Temple (0/1) D:6            Lair (5/5) D:11
  Swamp (2/4) Lair:2        Snake (4/4) Lair:3        Slime (0/5) Lair:4
    Orc (2/2) D:11            Elf (0/3) Orc:2        Vaults (0/5) D:13
 Depths (0/4) D:15          IceCv (visited)         Gauntlet (visited)

Altars:
Okawaru
Trog
Xom
Zin
Jiyva

Shops:
D:2 :   D:4 *   Orc:2 ([!!   Snake:1 *==:   Snake:2 [*

Annotations:
D:3 3 runed translucent doors, GrumpyGrim72's ghost, amateur DECj


Innate Abilities, Weirdness & Mutations

You are immune to sickness and miasma.
You are immune to poison.
Your flesh is very heat resistant. (rF++)
You are vulnerable to cold. (rC-)
You float through the air rather than walking.
You learn spells naturally, not from books.
Your magical power is your life essence.
You have superior vitality. (+4 MHP)
You have a pair of antennae on your head.
You are completely covered in iridescent scales. (AC +6)
You are partially covered in large bone plates. (SH +4)
You have supernaturally acute eyesight. (SInv)
You possess an exceptional clarity of mind.
Armour fits poorly on your strangely shaped body.
You passively map a small area around you.
You are resistant to electric shocks. (rElec)
You have great hidden genetic potential.
You expend health (3 HP) to strengthen your wands.


Message History

The eleionoma looks as sick as possible!
The eleionoma is lightly wounded.
The fenstrider witch is engulfed in blazing flames.
The fenstrider witch points at you and mumbles some strange words.
You easily resist.
The eleionoma is engulfed in blazing flames.
The eleionoma hurls a spray of splinters at you.
You block the spray of wooden splinters... and reflect it back!
The spray of wooden splinters hits the eleionoma!!!
You slice the eleionoma!!
You kill the eleionoma!
You hear a splash.
An eleionoma bone magically twists into a wand of roots (8).
The fenstrider witch is engulfed in blazing flames.
The bunyip howls a warning cry!
Unknown command.
Okay, then.
Okay, then.
Okay, then.
You reach into the sack... ...and things crawl out!
The bunyip is caught in a web!
The fenstrider witch is caught in a web!
The sack is emptied!
The bunyip is engulfed in blazing flames.
A tyrant leech comes into view.
The fenstrider witch casts a spell at you.
You easily resist.
The fenstrider witch tears the web.
Unknown command.
Unknown command.
The bunyip is engulfed in blazing flames.
The bunyip howls a warning cry!
The bunyip struggles to get unstuck from the web.
The bunyip is engulfed in blazing flames.
The bunyip claws you!!
* * * LOW HITPOINT WARNING * * *
Xom roars with laughter!
The bunyip claws you but does no damage.
The bunyip claws you!
You die...
Xom snickers!

~~~.....~~~.♣♣♣<..... .. ,
~~~~.~.~~~~.♣♣~.~w.♣♣ ...
~~†.♣♣~.~~~.♣~♣..~..♣♣... ,
~ §~~..~~♣.~..~~~.~.~§...#,
~~..~~~.....♣~..~§~~...^,,#
, ~..~~~~.....x...~~..##
..#
..~~~§~.~♣.§ss§[§~..##.....
, ..~~~~~.♣♣.§.~○○x§H.....#
, ,
♣...~~~.~~~)..~§@☼~.##†##
~♣.....~~~~....☼s☼s.....
♣♣♣♣♣♣♣.~~~♣♣♣~~§~~......
,, ♣ ♣~..~§.♣ ♣.~~~~...###
♣~~~~~.~~♣~.~~!....., *
♣~~~~....♣♣.§.....### ♣
♣...~♣♣~♣♣♣♣♣♣♣.~♣.., , ♣
♣♣♣♣♣♣ ♣♣ *♣♣♣♣♣ * ♣


You could see 2 bunyips, a fenstrider witch (ally target), a tyrant leech, a
friendly culicivora (summoned), a friendly jumping spider (summoned), a friendly
redback (summoned) and a friendly scorpion (summoned).

Vanquished Creatures
  2 nagarajas (Snake:4)
  Agnes (Snake:2)
  2 tengu reavers (D:12)
  A frost giant (D:12)
  Aizul (Snake:4)
  An orc warlord (Orc:1)
  Nessos (Lair:5)
  A stone giant (D:15)
  4 eleionomae
  A war gargoyle (D:12)
  4 bunyips
  A dire elephant (Lair:5)
  An entropy weaver (shapeshifter) (D:14)
  Josephine (Lair:5)
  2 yaktaur captains (D:12)
  An ettin (D:12)
  5 fire dragons
  8 hydras
  Harold (D:11)
  2 vault guards (D:13)
  9 salamander tyrants
  8 anacondas
  2 catoblepae
  12 naga warriors
  3 ironbound frosthearts
  9 centaur warriors
  2 ghost crabs
  5 alligators
  14 death yaks
  3 boulder beetles
  A death knight (D:14)
  4 two-headed ogres
  14 naga sharpshooters
  A deep troll earth mage (D:12)
  5 shock serpents
  3 tengu warriors
  3 orc high priests (Orc:2)
  Urug (Lair:5)
  A skyshark (Lair:5)
  Nergalle (D:10)
  2 goliath frogs
  6 salamander mystics
  4 skeletal warriors
  A death drake (Lair:1)
  6 naga ritualists
  10 mana vipers (Snake:4)
  7 slime creatures
  3 bog bodies
  2 swamp dragons
  5 lindwurms
  A steelbarb worm (Lair:2)
  An orc sorcerer (Orc:2)
  2 orc knights
  4 deep elf pyromancers (D:14)
  A deep elf zephyrmancer (D:15)
  A wolf spider (D:14)
  Maurice (D:9)
  An oklob plant (Swamp:1)
  11 ugly things
  6 manticores
  6 cyclopes
  2 meliai
  32 salamanders
  9 naga magi
  A will-o-the-wisp (Swamp:2)
  17 elephants
  21 black mambas
  An ice statue (IceCv)
  A torpor snail (Lair:4)
  4 gargoyles
  16 cane toads
  10 guardian serpents
  11 rime drakes
  A minotaur zombie (Gauntlet)
  2 freezing wraiths
  13 komodo dragons
  3 unseen horrors (D:12)
  3 efreet
  A kobold demonologist (D:11)
  A polar bear (shapeshifter) (D:14)
  3 trolls
  4 hornets
  2 tyrant leeches
  10 polar bears
  16 dream sheep
  Grinder (D:6)
  A raiju (shapeshifter) (D:14)
  13 blink frogs
  Sigmund (D:3)
  2 spriggans (Swamp:2)
  6 wraiths
  2 shadows (D:11)
  A vampire (D:10)
  2 water elementals (D:14)
  3 humans (D:13)
  2 wargs
  5 wyverns
  65 yaks
  10 basilisks
  A redback simulacrum (D:14)
  2 steam dragons (Lair:5)
  A redback (Lair:2)
  7 vampire mosquitoes
  Menkaure (D:6)
  5 swamp worms
  39 nagas
  17 water moccasins
  An acid dragon (D:9)
  3 black bears
  2 ice beasts
  24 orc warriors
  A sky beast (shapeshifter) (D:15)
  3 swamp drakes
  2 laughing skulls (D:14)
  25 wolves
  4 ogres
  17 centaurs
  2 phantoms
  4 kobold brigands
  Blork the orc (D:6)
  17 bullfrogs
  A gnoll sergeant (D:8)
  A scorpion (D:7)
  12 wights
  6 killer bees (D:10)
  2 troll zombies (D:11)
  13 howler monkeys
  3 electric eels (D:14)
  2 bombardier beetles
  3 jellies
  3 hounds
  22 orc priests
  A sleepcap (D:4)
  Terence (D:2)
  9 iguanas
  24 orc wizards
  4 hell rats (Lair:3)
  4 ogre zombies (D:11)
  12 adders
  15 gnolls
  A shadow imp (D:8)
  3 dart slugs
  86 orcs
  7 ball pythons
  4 bats
  4 endoplasms
  2 giant cockroaches
  2 gnoll zombies (D:11)
  A goblin (D:1)
  3 hobgoblins
  3 jackals (D:3)
  2 quokkas
  4 frilled lizards
  3 gnoll skeletons (D:11)
  17 kobolds
  An orc skeleton (D:11)
  13 orc zombies (D:11)
  5 rats
999 creatures vanquished.

Vanquished Creatures (collateral kills)
  Erolcha (Orc:2)
  2 death yaks (Gauntlet)
  A naga warrior (Snake:1)
  A naga sharpshooter (Snake:3)
  Amaemon (D:9)
  A necromancer (Gauntlet)
  A salamander (Snake:1)
  A black mamba (Snake:1)
  An orange demon (D:9)
  A troll (Orc:2)
  2 orc warriors
  A bullfrog (D:6)
  A howler monkey (D:9)
  An electric eel (D:14)
  An orc priest (D:9)
  2 orc wizards (D:9)
  2 orcs
  A goblin (D:1)
22 creatures vanquished.

Vanquished Creatures (others)
  Nikola (Swamp:2)
  A dancing weapon (Gauntlet)
  A black mamba (Snake:4)
  A cane toad (Lair:1)
  2 bloated husks (Swamp:1)
  A yak (Lair:2)
  A water moccasin (Lair:1)
  A swamp drake (Swamp:2)
  An orc (Orc:2)
  2 orc zombies
  2 foxfires (Swamp:2)
14 creatures vanquished.

Grand Total: 1035 creatures vanquished

Notes
Turn   | Place    | Note
-------+----------+-------------------------------------------
     0 | D:1      | Xavori the Djinni Chaos Knight began the quest for the Orb.
     0 | D:1      | Reached XP level 1. HP: 20/20 MP: 0/0
   115 | D:1      | Found a faded altar of an unknown god.
   143 | D:1      | Reached XP level 2. HP: 25/25 MP: 0/0
   149 | D:1      | XOM: divination: detect creatures
  1384 | D:1      | XOM: cloud trail
  2473 | D:1      | XOM: noise
  2948 | D:1      | XOM is BORED!
  4266 | D:1      | XOM: give mutation
  4266 | D:1      | Gained mutation: You expend health (3 HP) to strengthen
                  | your wands. [Xom's grace]
  4531 | D:1      | XOM: give mutations
  4531 | D:1      | Gained mutation: You are agile. (Dex +4, Str/Int -1) [Xom's
                  | grace]
  4531 | D:1      | Gained mutation: You have hidden genetic potential. [Xom's
                  | grace]
  4531 | D:1      | Gained mutation: You passively dampen the noise of your
                  | surroundings. [Xom's grace]
  4531 | D:1      | Gained mutation: You are covered in fur. (AC +1) [Xom's
                  | grace]
  4578 | D:2      | Noticed Terence
  4584 | D:2      | Killed Terence
  4585 | D:2      | Reached XP level 3. HP: 27/30 MP: 0/0
  4585 | D:2      | Learned a level 1 spell: Freeze
  4585 | D:2      | Gained mutation: You have a somewhat thin skeletal
                  | structure. (Dex +2, Stealth+) [hidden potential]
  4750 | D:2      | Reached XP level 4. HP: 35/35 MP: 0/0
  4783 | D:2      | Found Woevir's Book Boutique.
  4932 | D:2      | XOM: scenery: 1 doors open
  5102 | D:3      | Gained mutation: Your flesh is almost immune to the effects
                  | of heat. (rF+++) [hidden potential]
  5102 | D:3      | Lost mutation: You have hidden genetic potential. [hidden
                  | potential expressed]
  5254 | D:3      | Reached skill level 1 in Spellcasting
  5254 | D:3      | Reached skill level 1 in Conjurations
  5254 | D:3      | Reached skill level 1 in Hexes
  5254 | D:3      | Reached skill level 1 in Summonings
  5254 | D:3      | Reached skill level 1 in Necromancy
  5254 | D:3      | Reached skill level 1 in Translocations
  5254 | D:3      | Reached skill level 1 in Fire Magic
  5254 | D:3      | Reached skill level 1 in Ice Magic
  5254 | D:3      | Reached skill level 1 in Air Magic
  5254 | D:3      | Reached skill level 1 in Earth Magic
  5254 | D:3      | Reached skill level 1 in Alchemy
  5254 | D:3      | Reached XP level 5. HP: 23/40 MP: 0/0
  5254 | D:3      | Learned a level 2 spell: Momentum Strike
  5337 | D:3      | XOM: enchant monster (bad)
  5344 | D:3      | Found a bloodstained altar of Trog.
  5345 | D:3      | Noticed Sigmund
  5345 | D:3      | XOM: 6-stop teleportation journey
  5391 | D:3      | XOM: god gift: amulet of the acrobat
  5404 | D:2      | XOM: cloud trail
  5483 | D:3      | Reached XP level 6. HP: 40/46 MP: 0/0
  5637 | D:3      | Found a runed translucent gate.
  5637 | D:3      | Found a runed translucent gate.
  5637 | D:3      | Found a runed translucent gate.
  5637 | D:3      | Noticed GrumpyGrim72's ghost (amateur DECj)
  5698 | D:3      | Killed Sigmund
  5699 | D:3      | Reached XP level 7. HP: 41/51 MP: 0/0
  5699 | D:3      | Learned a level 2 spell: Blink
  6250 | D:4      | Noticed a wyvern
  6265 | D:4      | Killed a wyvern
  6266 | D:4      | Reached skill level 5 in Long Blades
  6355 | D:4      | XOM: summons 1 hostile shadow creature
  6526 | D:3      | XOM: summons 3 hostile shadow creatures
  6546 | D:4      | XOM: cloud trail
  6562 | D:4      | Found Mipaa's General Store.
  6577 | D:4      | HP: 2/52 [adder (2)]
  6650 | D:4      | XOM: 2-stop teleportation journey
  6680 | D:4      | XOM: silly message
  6712 | D:4      | XOM: silly message
  6820 | D:4      | XOM: cloud trail
  6852 | D:4      | Reached XP level 8. HP: 58/58 MP: 0/0
  6908 | D:4      | XOM: noise
  7121 | D:5      | Entered Level 5 of the Dungeon
  7125 | D:5      | XOM: blink monster(s)
  7141 | D:5      | XOM: silly message
  7201 | D:5      | XOM: enchant monster (good)
  7214 | D:5      | XOM: give mutations
  7214 | D:5      | Lost mutation: You expend health (3 HP) to strengthen your
                  | wands. [Xom's mischief]
  7214 | D:5      | Gained mutation: You are frail. (-10% HP) [Xom's mischief]
  7438 | D:5      | XOM: summons friendly ufetubus
  7516 | D:5      | XOM: polymorph ufetubus -> cerulean imp
  7565 | D:5      | Reached XP level 9. HP: 30/57 MP: 0/0
  7565 | D:5      | Learned a level 3 spell: Swiftness
  7808 | D:5      | XOM: 3-stop teleportation journey
  7821 | D:5      | XOM: enchant monster (bad)
  7823 | D:5      | Reached skill level 5 in Fighting
  7918 | D:5      | XOM: summons 1 hostile demon
  8439 | D:6      | Found a staircase to the Ecumenical Temple.
  8491 | D:6      | Noticed Grinder
  8497 | D:6      | Reached skill level 1 in Evocations
  8499 | D:6      | XOM: 1-stop teleportation journey
  8506 | D:6      | XOM: potion effect (invisibility)
  8510 | D:6      | XOM: summons friendly crimson imp
  8520 | D:6      | Killed Grinder
  8583 | D:6      | Noticed Menkaure
  8591 | D:6      | Killed Menkaure
  8668 | D:6      | XOM: polymorph crimson imp -> smoke demon
  8737 | D:6      | Noticed Blork the orc
  8752 | D:6      | Killed Blork the orc
  8961 | D:6      | XOM: enchant monster (good)
  8969 | D:6      | Reached skill level 5 in Dodging
  9436 | D:7      | XOM: silly message
  9444 | D:7      | XOM: give mutations
  9444 | D:7      | Lost mutation: You are frail. (-10% HP) [Xom's mischief]
  9444 | D:7      | Lost mutation: You are covered in fur. (AC +1) [Xom's
                  | mischief]
  9444 | D:7      | Gained mutation: You are somewhat resistant to further
                  | mutation. [Xom's mischief]
  9444 | D:7      | Lost mutation: You passively dampen the noise of your
                  | surroundings. [Xom's mischief]
  9538 | D:7      | XOM: summons 4 hostile demons
  9618 | D:6      | XOM: give mutations
  9618 | D:6      | Gained mutation: You are partially covered in iridescent
                  | scales. (AC +2) [Xom's grace]
  9618 | D:6      | Gained mutation: You are mostly covered in iridescent
                  | scales. (AC +4) [Xom's grace]
  9618 | D:6      | Gained mutation: You are completely covered in iridescent
                  | scales. (AC +6) [Xom's grace]
  9618 | D:6      | Gained mutation: Your spells are a little harder to cast,
                  | but a little more powerful. [Xom's grace]
  9816 | D:7      | XOM: 5-stop teleportation journey
  9903 | D:7      | XOM: fog
  9920 | D:7      | XOM: scenery: 1 doors open, 1 doors close
  9949 | D:7      | Reached XP level 10. HP: 28/72 MP: 0/0
  9963 | D:7      | XOM: god gift: 5 stones
  9984 | D:7      | XOM: god gift: 52 gold pieces
 10418 | D:8      | XOM: give mutations
 10418 | D:8      | Gained mutation: You have a pair of small horns on your
                  | head. [Xom's grace]
 10418 | D:8      | Gained mutation: Your muscles are strong. (Str +4, Int/Dex
                  | -1) [Xom's grace]
 10418 | D:8      | Gained mutation: Your muscles are very strong. (Str +8,
                  | Int/Dex -2) [Xom's grace]
 10418 | D:8      | Gained mutation: You passively map a small area around you.
                  | [Xom's grace]
 10449 | D:8      | XOM: 1-stop teleportation journey
 10538 | D:8      | XOM: 8-stop teleportation journey
 10685 | D:8      | Identified the amulet "Quruipn" {RegenMP Str+2 Int+3}
 10779 | D:8      | XOM: silly message
 11093 | D:9      | Reached skill level 5 in Armour
 11160 | D:9      | Identified the +3 scale mail "Awkosur" {rC+ MP+9}
 11223 | D:9      | Reached skill level 1 in Shields
 11241 | D:9      | XOM: summons friendly iron imp
 11343 | D:9      | Noticed Maurice
 11350 | D:9      | Something stole 249 gold
 11352 | D:9      | Something stole a +6 ring of intelligence
 11353 | D:9      | Killed Maurice
 11472 | D:9      | Noticed an orange demon
 11474 | D:9      | Noticed Amaemon
 11483 | D:9      | Killed Amaemon
 11486 | D:9      | Killed an orange demon
 11487 | D:9      | Reached XP level 11. HP: 73/78 MP: 0/0
 11487 | D:9      | Learned a level 5 spell: Iskenderun's Battlesphere
 11981 | D:9      | Identified a scroll of acquirement
 12022 | D:10     | Entered Level 10 of the Dungeon
 12105 | D:10     | XOM: smoke on damage
 12131 | D:10     | Noticed Nergalle
 12131 | D:10     | XOM: 1-stop teleportation journey
 12165 | D:10     | Killed Nergalle
 12166 | D:10     | Reached skill level 5 in Evocations
 12178 | D:10     | XOM: fog
 12180 | D:10     | XOM: scenery: summon butterflies
 12186 | D:10     | Reached skill level 10 in Long Blades
 12496 | D:10     | Noticed a two-headed ogre
 12515 | D:10     | Killed a two-headed ogre
 12621 | D:10     | Noticed a two-headed ogre
 12627 | D:10     | XOM: fog
 12631 | D:10     | XOM: summons 5 friendly demons
 12632 | D:10     | XOM: polymorph ufetubus -> crimson imp
 12716 | D:10     | Killed a two-headed ogre
 12846 | D:10     | XOM: god gift: +4 scimitar of chaos
 12952 | D:10     | XOM: cleaving
 13070 | D:10     | XOM: god gift: 24 gold pieces
 13090 | D:10     | XOM: scenery: summon butterflies
 13153 | D:10     | Acquired 1044 gold pieces
 13162 | D:10     | XOM: 3-stop teleportation journey
 13285 | D:11     | Noticed a death yak
 13288 | D:11     | XOM: cleaving
 13290 | D:11     | XOM: enchant monster (good)
 13300 | D:11     | Killed a death yak
 13311 | D:11     | Reached XP level 12. HP: 62/86 MP: 0/0
 13313 | D:11     | Found a staircase to the Lair.
 13366 | D:11     | Found a staircase to the Orcish Mines.
 13399 | D:11     | XOM: god gift: ring mail {god gift}
 13454 | D:11     | Noticed Harold
 13466 | D:11     | XOM: cleaving
 13495 | D:11     | XOM: fog
 13586 | D:11     | Found a gate leading to a gauntlet.
 13597 | Gauntlet | Entered a Gauntlet
 13597 | Gauntlet | Found a transporter.
 13597 | Gauntlet | Found a transporter.
 13599 | Gauntlet | Noticed a death yak
 13601 | Gauntlet | Found a transporter.
 13601 | Gauntlet | Found a transporter.
 13601 | Gauntlet | Found a transporter.
 13601 | Gauntlet | Noticed a death yak
 13602 | Gauntlet | Noticed a death yak
 13602 | Gauntlet | Noticed a death yak
 13606 | Gauntlet | Noticed a death yak
 13613 | Gauntlet | Found a transporter.
 13614 | Gauntlet | XOM: give mutations
 13614 | Gauntlet | Gained mutation: You are resistant to electric shocks.
                  | (rElec) [Xom's grace]
 13614 | Gauntlet | Gained mutation: You are very agile. (Dex +8, Str/Int -2)
                  | [Xom's grace]
 13614 | Gauntlet | Gained mutation: You are strong-willed. (Will+) [Xom's
                  | grace]
 13615 | Gauntlet | Found a transporter.
 13621 | Gauntlet | Found a transporter.
 13625 | Gauntlet | Noticed a fire crab
 13633 | Gauntlet | Noticed a death yak
 13636 | Gauntlet | Found a transporter.
 13659 | Gauntlet | Found a transporter.
 13686 | Gauntlet | Found a transporter.
 13692 | Gauntlet | Noticed a fire crab
 13751 | Gauntlet | Noticed a ghost crab
 13756 | Gauntlet | Found a transporter.
 13801 | Gauntlet | Identified the +0 pair of gloves "Duate" {Rampage Fly rC-
                  | Str+4}
 13814 | Gauntlet | Killed a death yak
 13825 | Gauntlet | Killed a death yak
 13826 | Gauntlet | Reached skill level 5 in Spellcasting
 13826 | Gauntlet | Reached skill level 5 in Conjurations
 13826 | Gauntlet | Reached skill level 5 in Hexes
 13826 | Gauntlet | Reached skill level 5 in Summonings
 13826 | Gauntlet | Reached skill level 5 in Necromancy
 13826 | Gauntlet | Reached skill level 5 in Translocations
 13826 | Gauntlet | Reached skill level 5 in Fire Magic
 13826 | Gauntlet | Reached skill level 5 in Ice Magic
 13826 | Gauntlet | Reached skill level 5 in Air Magic
 13826 | Gauntlet | Reached skill level 5 in Earth Magic
 13826 | Gauntlet | Reached skill level 5 in Alchemy
 13827 | Gauntlet | XOM: cast spell 'Death Channel'
 13829 | Gauntlet | a death yak changed into an eight-headed hydra
 13829 | Gauntlet | Noticed an eight-headed hydra
 13833 | Gauntlet | Killed a ten-headed hydra
 13834 | Gauntlet | Reached skill level 5 in Shields
 13837 | Gauntlet | Killed a death yak
 13838 | Gauntlet | Killed a death yak
 13840 | Gauntlet | Killed a death yak
 13979 | Gauntlet | Killed a ghost crab
 14055 | Gauntlet | Identified the ring "Buhaong" {rElec rC+++ Int-5 Dex+6
                  | SInv}
 14080 | Gauntlet | Noticed a minotaur
 14083 | Gauntlet | Lost mutation: You are strong-willed. (Will+) [potion of
                  | mutation]
 14083 | Gauntlet | Lost mutation: You are very agile. (Dex +8, Str/Int -2)
                  | [potion of mutation]
 14083 | Gauntlet | Lost mutation: You passively map a small area around you.
                  | [potion of mutation]
 14083 | Gauntlet | Gained mutation: You expend health (3 HP) to strengthen
                  | your wands. [potion of mutation]
 14083 | Gauntlet | a minotaur changed into a fire dragon
 14083 | Gauntlet | Noticed a fire dragon
 14083 | Gauntlet | XOM: polymorph minotaur -> fire dragon
 14097 | Gauntlet | Killed a fire dragon
 14106 | Gauntlet | XOM: smoke on damage
 14202 | Gauntlet | XOM: give mutations
 14202 | Gauntlet | Gained mutation: You are very agile. (Dex +8, Str/Int -2)
                  | [Xom's grace]
 14202 | Gauntlet | Gained mutation: You possess an exceptional clarity of
                  | mind. [Xom's grace]
 14202 | Gauntlet | Gained mutation: You are partially covered in large bone
                  | plates. (SH +4) [Xom's grace]
 14255 | Gauntlet | XOM: scenery: 1 doors open, 3 doors close
 14355 | D:11     | XOM: confuse monster(s)
 14360 | D:11     | Killed Harold
 14500 | D:11     | XOM: 2-stop teleportation journey
 14536 | D:11     | XOM: scenery: 1 doors open
 14602 | D:11     | XOM: enchant monster (bad)
 14608 | D:11     | XOM: blink monster(s)
 14639 | D:11     | XOM: torment (40/88 hp)
 14992 | Lair:1   | Entered Level 1 of the Lair of Beasts
 15003 | Lair:1   | Reached XP level 13. HP: 93/93 MP: 0/0
 15003 | Lair:1   | Learned a level 5 spell: Summon Forest
 15025 | Lair:1   | XOM: 1-stop teleportation journey
 15098 | Lair:1   | XOM: 1-stop teleportation journey
 15209 | Lair:1   | XOM: give mutations
 15209 | Lair:1   | Lost mutation: You are somewhat resistant to further
                  | mutation. [Xom's mischief]
 15209 | Lair:1   | Lost mutation: You have a somewhat thin skeletal structure.
                  | (Dex +2, Stealth+) [Xom's mischief]
 15209 | Lair:1   | Lost mutation: Your muscles are very strong. (Str +8,
                  | Int/Dex -2) [Xom's mischief]
 15209 | Lair:1   | Lost mutation: You have a pair of small horns on your head.
                  | [Xom's mischief]
 15211 | Lair:1   | XOM: polymorph yak -> death drake
 15243 | Lair:1   | XOM: 2-stop teleportation journey
 15248 | Lair:1   | XOM: divination: detect items
 15277 | Lair:1   | XOM: enchant monster (good)
 15469 | Lair:1   | XOM: cleaving
 15910 | Lair:2   | XOM: cast spell 'Summon Cactus Giant'
 16063 | Lair:2   | XOM: blink monster(s)
 16220 | Lair:2   | Found a staircase to the Swamp.
 16220 | Lair:2   | Noticed an eleionoma
 16298 | Lair:1   | XOM: summons 2 hostile shadow creatures
 16333 | D:11     | XOM: stat loss: -1 Dex (35/36)
 16482 | D:11     | XOM: give mutations
 16482 | D:11     | Lost mutation: You expend health (3 HP) to strengthen your
                  | wands. [Xom's mischief]
 16482 | D:11     | Lost mutation: You possess an exceptional clarity of mind.
                  | [Xom's mischief]
 16504 | Lair:2   | XOM: blink monster(s)
 16513 | Lair:2   | Killed an eleionoma
 16763 | Lair:2   | XOM: confusion (+ monsters)
 16778 | Lair:2   | XOM: polymorph yak -> redback
 16784 | Lair:2   | XOM: polymorph yak -> steelbarb worm
 16924 | Lair:2   | XOM: enchant monster (bad)
 17299 | Lair:2   | XOM: potion effect (invisibility)
 17482 | Lair:3   | Reached XP level 14. HP: 92/101 MP: 0/0
 17507 | Lair:3   | XOM: silly message
 17534 | Lair:3   | You are sucked into a shaft and drop 2 floors!
 17534 | Lair:5   | Entered Level 5 of the Lair of Beasts
 17539 | Lair:5   | XOM: silly message
 17541 | Lair:5   | XOM: potion effect (invisibility)
 17543 | Lair:5   | XOM: potion effect (brilliance)
 17549 | Lair:5   | XOM: potion effect (invisibility)
 17551 | Lair:5   | XOM: silly message
 17598 | Lair:5   | XOM: potion effect (invisibility)
 17599 | Lair:5   | XOM: potion effect (experience)
 17599 | Lair:5   | Reached XP level 15. HP: 107/107 MP: 0/0
 17599 | Lair:5   | Learned a level 6 spell: Eringya's Noxious Bog
 17607 | Lair:5   | Noticed Josephine
 17694 | Lair:5   | XOM: silly message
 17699 | Lair:5   | Noticed Urug
 17733 | Lair:5   | Killed Urug
 17752 | Lair:5   | Reached skill level 10 in Fighting
 17986 | Lair:5   | XOM: cast spell 'Summon Small Mammal'
 18059 | Lair:5   | XOM: silly message
 18176 | Lair:5   | XOM: noise
 18179 | Lair:5   | Noticed Nessos
 18197 | Lair:5   | Killed Nessos
 18796 | Lair:5   | Killed Josephine
 18803 | Lair:5   | XOM: polymorph iguana -> rime drake
 18990 | Lair:5   | XOM: confuse monster(s)
 18997 | Lair:5   | XOM: stat loss: -1 Int (8/9)
 19001 | Lair:5   | XOM: scenery: create altars
 19015 | Lair:5   | XOM: give mutations
 19015 | Lair:5   | Lost mutation: You are resistant to electric shocks.
                  | (rElec) [Xom's mischief]
 19015 | Lair:5   | Gained mutation: Your body sometimes deteriorates upon
                  | taking damage. [Xom's mischief]
 19015 | Lair:5   | Lost mutation: You are completely covered in iridescent
                  | scales. (AC +6) [Xom's mischief]
 19132 | Lair:5   | XOM: fog
 19200 | Lair:5   | XOM: give mutations
 19200 | Lair:5   | Gained mutation: Your mind is acute. (Int +4, Str/Dex -1)
                  | [Xom's mischief]
 19200 | Lair:5   | Lost mutation: Your mind is acute. (Int +4, Str/Dex -1)
                  | [Xom's mischief]
 19200 | Lair:5   | Lost mutation: Your muscles are strong. (Str +4, Int/Dex
                  | -1) [Xom's mischief]
 19200 | Lair:5   | Lost mutation: Your spells are a little harder to cast, but
                  | a little more powerful. [Xom's mischief]
 19203 | Lair:5   | XOM: swap monsters
 19275 | Lair:5   | XOM: fog
 19281 | Lair:5   | XOM: draining
 19288 | Lair:5   | XOM: summons 8 hostile demons
 19343 | Lair:5   | XOM: give mutations
 19343 | Lair:5   | Lost mutation: You are partially covered in large bone
                  | plates. (SH +4) [Xom's mischief]
 19343 | Lair:5   | Gained mutation: Your muscles are strong. (Str +4, Int/Dex
                  | -1) [Xom's mischief]
 19343 | Lair:5   | Gained mutation: You are very vulnerable to cold. (rC--)
                  | [Xom's mischief]
 19356 | Lair:5   | XOM: silly message
 19445 | Lair:5   | XOM: silly message
 19781 | Lair:5   | XOM: stat loss: -1 Int (8/9)
 19937 | Lair:5   | XOM: summons friendly ufetubus
 19944 | Lair:5   | XOM: swap monsters
 19946 | Lair:5   | Reached skill level 10 in Dodging
 20095 | Lair:5   | XOM: god gift: potion of curing
 20191 | Lair:4   | XOM: snakes to sticks
 20213 | Lair:4   | XOM: scenery: summon butterflies
 20305 | Lair:4   | XOM: noise
 20313 | Lair:4   | XOM: cleaving
 20321 | Lair:4   | XOM: cast spell 'Leda's Liquefaction'
 20327 | Lair:4   | XOM: divination: detect creatures
 20349 | Lair:4   | Reached XP level 16. HP: 104/115 MP: 0/0
 20350 | Lair:4   | XOM: silly message
 20355 | Lair:4   | Reached skill level 10 in Shields
 20471 | Lair:4   | XOM: 1-stop teleportation journey
 20559 | Lair:4   | XOM: blink monster(s)
 20568 | Lair:4   | XOM: chaos cloud
 20590 | Lair:4   | XOM: noise
 20592 | Lair:4   | XOM: confusion
 20634 | Lair:4   | XOM: swap monsters
 20775 | Lair:4   | XOM: stat loss: -1 Str (12/13)
 20929 | Lair:4   | Found a staircase to the Slime Pits.
 20930 | Lair:4   | Found a viscous altar of Jiyva.
 20934 | Lair:4   | XOM: summons friendly quasit
 20936 | Lair:4   | XOM: enchant monster (bad)
 21465 | Orc:1    | Entered Level 1 of the Orcish Mines
 21556 | Orc:1    | XOM: torment (59/116 hp)
 21715 | Orc:1    | Found Nauzylec's Magic Scroll Shop.
 22081 | Orc:2    | Entered Level 2 of the Orcish Mines
 22132 | Orc:2    | XOM: give mutations
 22132 | Orc:2    | Lost mutation: Your flesh is almost immune to the effects
                  | of heat. (rF+++) [Xom's mischief]
 22132 | Orc:2    | Lost mutation: Your body sometimes deteriorates upon taking
                  | damage. [Xom's mischief]
 22132 | Orc:2    | Gained mutation: You are frail. (-10% HP) [Xom's mischief]
 22132 | Orc:2    | Lost mutation: You are frail. (-10% HP) [Xom's mischief]
 22237 | Orc:2    | Found Ymatot's Distillery.
 22247 | Orc:2    | XOM: stat loss: -1 Dex (36/37)
 22260 | Orc:2    | Bought a potion of heal wounds for 65 gold pieces
 22415 | Orc:2    | XOM: summons 1 hostile demon
 22589 | Orc:2    | Noticed Erolcha
 22596 | Orc:2    | Killed Erolcha
 22603 | Orc:2    | Found Xitu's Distillery.
 22615 | Orc:2    | Bought a potion of heal wounds for 50 gold pieces
 22615 | Orc:2    | Bought a potion of might for 40 gold pieces
 22615 | Orc:2    | Bought a potion of haste for 100 gold pieces
 22615 | Orc:2    | Bought a potion of haste for 100 gold pieces
 22615 | Orc:2    | Bought a potion of brilliance for 40 gold pieces
 22629 | Orc:2    | Found a staircase to the Elven Halls.
 23080 | Orc:2    | Found Qowugram's Antique Armour Emporium.
 23115 | Orc:2    | Found Dagan's Antique Weapon Shoppe.
 23121 | Orc:2    | Bought a faintly glowing scale mail for 252 gold pieces
 23121 | Orc:2    | Identified the +1 scale mail "Juiclaov" {^Drain rF+ rC+
                  | Slay+3} (You bought it in a shop on level 2 of the Orcish
                  | Mines)
 23159 | Orc:2    | XOM: cleaving
 23170 | Orc:1    | XOM: noise
 23271 | D:12     | XOM: chaos cloud
 23519 | D:12     | Noticed a tengu reaver
 23520 | D:12     | Found a runed translucent door.
 23522 | D:12     | Noticed a frost giant
 23522 | D:12     | Noticed a tengu reaver
 23522 | D:12     | Found the +8 arc blade {discharge, rElec}
 23574 | D:12     | XOM: 2-stop teleportation journey
 23676 | D:12     | XOM is BORED!
 23676 | D:12     | XOM: give mutations
 23676 | D:12     | Lost mutation: You are very vulnerable to cold. (rC--)
                  | [Xom's mischief]
 23676 | D:12     | Gained mutation: You sometimes lose your temper in combat.
                  | [Xom's mischief]
 23676 | D:12     | Lost mutation: You are very agile. (Dex +8, Str/Int -2)
                  | [Xom's mischief]
 24069 | D:12     | XOM: divination: detect creatures
 24087 | D:12     | Killed a frost giant
 24102 | D:12     | Killed a tengu reaver
 24446 | D:12     | XOM: potion effect (haste)
 24492 | D:12     | XOM: confuse monster(s)
 24497 | D:12     | Killed a tengu reaver
 24522 | D:12     | Identified the +6 rapier "Woqyd" {venom, rC+ Will- Str+2}
 24702 | D:13     | Found a frozen archway.
 24716 | IceCv    | Entered an ice cave
 24811 | IceCv    | XOM: 1-stop teleportation journey
 24813 | IceCv    | XOM: silly message
 25192 | IceCv    | XOM: silly message
 25346 | IceCv    | XOM: scenery: summon butterflies
 25350 | IceCv    | XOM: destruction
 25364 | IceCv    | Reached XP level 17. HP: 78/125 MP: 0/0
 25364 | IceCv    | Learned a level 6 spell: Plasma Beam
 25524 | IceCv    | XOM: god gift: 414 gold pieces
 25529 | IceCv    | XOM: noise
 25579 | IceCv    | XOM: noise
 25954 | IceCv    | Found the +4 skin of Zhor {*Englaciate rC+++ SInv}
 25974 | IceCv    | XOM: god gift: helmet {god gift}
 26355 | D:13     | XOM: potion effect (might)
 26356 | D:13     | XOM: silly message
 26377 | D:13     | XOM: silly message
 26574 | D:13     | XOM: cloud trail
 26754 | D:13     | XOM: scenery: 1 doors open
 26881 | D:13     | XOM: confuse monster(s)
 26891 | D:13     | XOM: god gift: potion of resistance
 26892 | D:13     | XOM: divination: detect creatures
 26914 | D:13     | Found a gate to the Vaults.
 27301 | D:13     | XOM: give mutations
 27301 | D:13     | Gained mutation: You have a pair of small antennae on your
                  | head. [Xom's grace]
 27301 | D:13     | Gained mutation: You passively map a small area around you.
                  | [Xom's grace]
 27520 | D:14     | Found an iron altar of Okawaru.
 27528 | D:14     | Identified the +0 robe of Pessimism {Int+2}
 27551 | D:14     | XOM: summons 4 friendly demons
 27564 | D:14     | XOM: divination: detect items
 27574 | D:14     | XOM: fog
 27581 | D:14     | XOM: 1-stop teleportation journey
 27755 | D:14     | XOM: give mutations
 27755 | D:14     | Gained mutation: You are robust. (+10% HP) [Xom's mischief]
 27755 | D:14     | Lost mutation: You sometimes lose your temper in combat.
                  | [Xom's mischief]
 27755 | D:14     | Gained mutation: You are strong-willed. (Will+) [Xom's
                  | mischief]
 27755 | D:14     | Lost mutation: You are agile. (Dex +4, Str/Int -1) [Xom's
                  | mischief]
 27861 | D:14     | XOM: summons 1 hostile demon
 27863 | D:14     | XOM: swap monsters
 28080 | D:14     | XOM: swap monsters
 28150 | D:14     | XOM: 2-stop teleportation journey
 28208 | D:14     | XOM: give mutations
 28208 | D:14     | Gained mutation: You are agile. (Dex +4, Str/Int -1) [Xom's
                  | mischief]
 28208 | D:14     | Gained mutation: Your mind is acute. (Int +4, Str/Dex -1)
                  | [Xom's mischief]
 28312 | D:14     | XOM: cast spell 'Olgreb's Toxic Radiance'
 28662 | D:14     | Found a shimmering altar of Xom.
 28723 | D:14     | XOM: enchant monster (good)
 29184 | D:15     | Entered Level 15 of the Dungeon
 29349 | D:15     | XOM: noise
 29457 | D:15     | Found a staircase to the Depths.
 29562 | D:15     | XOM: 2-stop teleportation journey
 29808 | D:15     | Reached XP level 18. HP: 147/147 MP: 0/0
 29979 | D:15     | XOM: noise
 29992 | D:15     | XOM: summons 9 hostile demons
 30162 | D:14     | XOM: give mutation
 30162 | D:14     | Lost mutation: You are robust. (+10% HP) [Xom's mischief]
 30231 | Lair:1   | XOM: noise
 30287 | Lair:3   | Found a glowing silver altar of Zin.
 30332 | Lair:3   | XOM: give mutations
 30332 | Lair:3   | Gained mutation: You have hidden genetic potential. [Xom's
                  | mischief]
 30332 | Lair:3   | Lost mutation: You have a pair of small antennae on your
                  | head. [Xom's mischief]
 30332 | Lair:3   | Lost mutation: You are strong-willed. (Will+) [Xom's
                  | mischief]
 30536 | Lair:3   | XOM: blink monster(s)
 30766 | Lair:3   | Found a staircase to the Snake Pit.
 31006 | Lair:3   | XOM: polymorph wyvern -> meliai
 31158 | Snake:1  | Entered Level 1 of the Snake Pit
 31180 | Snake:1  | XOM: swap monsters
 31313 | Snake:1  | XOM: snakes to sticks
 31408 | Snake:1  | Found Mysuz's Jewellery Emporium.
 31410 | Snake:1  | Found Lulilifo's Book Boutique.
 31411 | Snake:1  | Found Hemoumau's Jewellery Emporium.
 31417 | Snake:1  | Bought an amulet of reflection for 510 gold pieces
 31745 | Snake:1  | Found Yxziyrukk's General Store.
 31753 | Snake:1  | Bought a scroll of teleportation for 45 gold pieces
 31753 | Snake:1  | Bought 2 potions of resistance for 300 gold pieces
 31794 | Snake:1  | XOM: give mutations
 31794 | Snake:1  | Gained mutation: Armour fits poorly on your strangely
                  | shaped body. [Xom's mischief]
 31794 | Snake:1  | Lost mutation: You are agile. (Dex +4, Str/Int -1) [Xom's
                  | mischief]
 31794 | Snake:1  | Gained mutation: Your mind is very acute. (Int +8, Str/Dex
                  | -2) [Xom's mischief]
 31828 | Snake:1  | XOM: snakes to sticks
 31840 | Snake:1  | XOM: 1-stop teleportation journey
 32094 | Snake:1  | XOM: cast spell 'Chain of Chaos'
 32445 | Snake:2  | Noticed Agnes
 32451 | Snake:2  | Killed Agnes
 32491 | Snake:2  | XOM: enchant monster (good)
 32822 | Snake:2  | XOM: god gift: 3 curare-tipped darts
 33000 | Snake:2  | Found Fuza's Assorted Antiques.
 33008 | Snake:2  | Bought a scroll of identify for 68 gold pieces
 33009 | Snake:2  | Found Utyle's Antique Armour Boutique.
 33017 | Snake:2  | Bought a glowing cloak for 307 gold pieces
 33055 | Snake:2  | Reached skill level 10 in Evocations
 33436 | Snake:3  | XOM: summons 7 friendly demons
 33505 | Snake:3  | XOM: scenery: create altars
 33584 | Snake:3  | XOM: noise
 33856 | Snake:3  | XOM: give mutations
 33856 | Snake:3  | Gained mutation: You are completely covered in iridescent
                  | scales. (AC +6) [Xom's grace]
 34258 | Snake:3  | XOM: cleaving
 34318 | Snake:3  | Found the +3 salamander hide armour {Flames, rFlCloud rF++
                  | rC--}
 34470 | Snake:3  | XOM: cloud trail
 34693 | Lair:2   | XOM: god gift: ring of wizardry
 34792 | Snake:4  | Entered Level 4 of the Snake Pit
 34834 | Snake:4  | XOM: scenery: summon butterflies
 34859 | Snake:4  | XOM: blink monster(s)
 34869 | Snake:4  | XOM: divination: magic mapping
 35031 | Snake:4  | XOM: noise
 35046 | Snake:4  | XOM: smoke on damage
 35053 | Snake:4  | XOM: confusion (+ monsters)
 35080 | Snake:4  | Reached XP level 19. HP: 103/142 MP: 0/0
 35080 | Snake:4  | Learned a level 6 spell: Summon Cactus Giant
 35112 | Snake:4  | XOM: potion effect (curing)
 35130 | Snake:4  | Gained mutation: You possess an exceptional clarity of
                  | mind. [hidden potential]
 35135 | Snake:4  | XOM: silly message
 35325 | Snake:4  | XOM: potion effect (haste)
 35346 | Snake:4  | XOM: chaos upgrade
 35372 | Snake:4  | XOM: 2-stop teleportation journey
 35391 | Snake:4  | Reached skill level 10 in Spellcasting
 35391 | Snake:4  | Reached skill level 10 in Conjurations
 35391 | Snake:4  | Reached skill level 10 in Hexes
 35391 | Snake:4  | Reached skill level 10 in Summonings
 35391 | Snake:4  | Reached skill level 10 in Necromancy
 35391 | Snake:4  | Reached skill level 10 in Translocations
 35391 | Snake:4  | Reached skill level 10 in Fire Magic
 35391 | Snake:4  | Reached skill level 10 in Ice Magic
 35391 | Snake:4  | Reached skill level 10 in Air Magic
 35391 | Snake:4  | Reached skill level 10 in Earth Magic
 35391 | Snake:4  | Reached skill level 10 in Alchemy
 35396 | Snake:4  | Identified the serpent talisman "Xaral" {Str+3 Stlth+}
 35396 | Snake:4  | Noticed Aizul
 35402 | Snake:4  | XOM: enchant monster (bad)
 35412 | Snake:4  | XOM: swap monsters
 35430 | Snake:4  | XOM: summons friendly crimson imp
 35433 | Snake:4  | Killed Aizul
 35462 | Snake:4  | XOM: give mutations
 35462 | Snake:4  | Lost mutation: Your mind is very acute. (Int +8, Str/Dex
                  | -2) [Xom's mischief]
 35462 | Snake:4  | Lost mutation: Your muscles are strong. (Str +4, Int/Dex
                  | -1) [Xom's mischief]
 35462 | Snake:4  | Gained mutation: You are resistant to electric shocks.
                  | (rElec) [Xom's mischief]
 35838 | Snake:4  | Reached skill level 15 in Dodging
 35943 | Snake:4  | XOM: noise
 35991 | Snake:4  | XOM: noise
 35995 | Snake:4  | Reached skill level 15 in Fighting
 36191 | Snake:4  | XOM: silly message
 36351 | Snake:4  | Reached skill level 10 in Armour
 36363 | Snake:4  | XOM: summons 3 friendly demons
 36374 | Snake:4  | XOM: cleaving
 36429 | Snake:4  | XOM: enchant monster (good)
 36636 | Snake:4  | XOM: summons friendly crimson imp
 36795 | Snake:4  | XOM: summons 2 friendly demons
 36809 | Snake:4  | XOM: scenery: 1 doors close
 36840 | Snake:4  | XOM: enchant monster (good)
 36965 | Snake:4  | XOM: give mutations
 36965 | Snake:4  | Gained mutation: You expend health (3 HP) to strengthen
                  | your wands. [Xom's grace]
 36965 | Snake:4  | Gained mutation: You have a pair of small antennae on your
                  | head. [Xom's grace]
 36965 | Snake:4  | Gained mutation: You are robust. (+10% HP) [Xom's grace]
 36965 | Snake:4  | Gained mutation: You have great hidden genetic potential.
                  | [Xom's grace]
 37006 | Snake:4  | Reached skill level 15 in Long Blades
 37012 | Snake:4  | XOM: god gift: 707 gold pieces
 37113 | Snake:4  | XOM: 2-stop teleportation journey
 37309 | Snake:4  | XOM: give mutations
 37309 | Snake:4  | Lost mutation: Your mind is acute. (Int +4, Str/Dex -1)
                  | [Xom's mischief]
 37309 | Snake:4  | Gained mutation: You are partially covered in large bone
                  | plates. (SH +4) [Xom's mischief]
 37309 | Snake:4  | Lost mutation: You are robust. (+10% HP) [Xom's mischief]
 37309 | Snake:4  | Lost mutation: You possess an exceptional clarity of mind.
                  | [Xom's mischief]
 37411 | Snake:4  | XOM: chaos upgrade
 37425 | Snake:4  | Got a serpentine rune of Zot
 37740 | Swamp:1  | Entered Level 1 of the Swamp
 38014 | Swamp:1  | XOM: 1-stop teleportation journey
 38015 | Swamp:1  | XOM: confusion (+ monsters)
 38038 | Swamp:1  | XOM: silly message
 38047 | Swamp:1  | XOM: polymorph thorn hunter -> wandering mushroom
 38049 | Swamp:1  | XOM: polymorph wandering mushroom -> oklob plant
 38226 | Swamp:1  | XOM: 2-stop teleportation journey
 38336 | Swamp:1  | XOM: cleaving
 38434 | Swamp:1  | XOM: god gift: 35 gold pieces
 38622 | Swamp:1  | XOM: 5-stop teleportation journey
 38814 | Swamp:1  | XOM: god gift: 4 stones
 38939 | Swamp:1  | XOM: god gift: +2 cloak of stealth
 39126 | Swamp:2  | XOM: confuse monster(s)
 39294 | Swamp:2  | XOM: give mutations
 39294 | Swamp:2  | Gained mutation: You have supernaturally acute eyesight.
                  | (SInv) [Xom's grace]
 39294 | Swamp:2  | Gained mutation: You have a pair of antennae on your head.
                  | [Xom's grace]
 39294 | Swamp:2  | Gained mutation: You possess an exceptional clarity of
                  | mind. [Xom's grace]
 39296 | Swamp:2  | XOM: polymorph alligator -> alligator
 39306 | Swamp:2  | Noticed Nikola
 39314 | Swamp:2  | Reached XP level 20. HP: 142/150 MP: 0/0
 39315 | Swamp:2  | XOM: swap monsters
 39323 | Swamp:2  | Killed Nikola
 39332 | Swamp:2  | Mangled by a bunyip

Illustrated notes

Levels and vault maps discovered:
D:1:      dpeg_arrival_round_a, layout_rooms, ebering_ecumenical_altar_mist
D:2:      layout_basic, serial_shops, shop, uniq_terence
D:3:      layout_loops_corners, old_standard_altar,
          gammafunk_ghost_nasty_kobolds, chequers_serial_rivers_micro_c,
          uniq_sigmund
D:4:      layout_rooms, serial_shops, shop, minmay_statues_item
D:5:      layout_cave_pools
D:6:      layout_basic, minmay_temple_entry_wispy, blue_anna_alchemist,
          nicolae_zig_zag_zippers, uniq_menkaure, uniq_blork_the_orc,
          uniq_grinder
D:7:      layout_basic
D:8:      layout_basic, serial_glass, glass_columns_a, glass_columns_a,
          unseen_surprise_small
D:9:      layout_cave_pods, uniq_amaemon, uniq_maurice
D:10:     layout_rooms, serial_bayou_crossing, uniq_nergalle
D:11:     layout_irregular_city, david_lair_generic, zombieorc1_lemuel,
          gauntlet_entry_generic, uniq_harold
D:12:     minmay_gate_of_8, layout_loops_cross
D:13:     layout_basic, hellmonk_vaults_keyhole, portal_ice_cave_rime
D:14:     hangedman_cross_veins, layout_basic, okawaru_gym_becter,
          chequers_big_river, small_statue_intersection, minmay_ruined_shrine
D:15:     grunt_enter_depths_giant_problem, layout_small_grid,
          nicolae_integral_box, small_chamber_with_monster,
          nicolae_vehumet_radiance
Lair:1:   layout_roguey, grunt_megastairs_4, serial_bayou_shore_b
Lair:2:   layout_hall_layers, alex1729_swamp_entry_worm_eleionoma,
          infiniplex_staircase_pool
Lair:3:   layout_roguey, alex1729_snake_entry_snake, basic_altar,
          chequers_serial_rivers_micro_a
Lair:4:   layout_cave_pods, slime_entry_1, grunt_megastairs_5
Lair:5:   guppyfry_lair_end_dragon, layout_cave_pods, hangedman_lair_in_review,
          uniq_josephine, uniq_nessos, uniq_urug
Swamp:1:  layout_falls_marsh, nicolae_swamp_some_circles, swamp_pool_1_2,
          nicolae_swamp_rocky_clearing
Swamp:2:  layout_basic_swamp, evilmike_swamp_ruin_rubble_1,
          hangedman_swamp_diagram, uniq_nikola
Snake:1:  layout_misc_corridors, serial_shops, nicolae_shop_hallway_stairs,
          minmay_shop_grove
Snake:2:  layout_grid_shapes, lemuel_fruit_tree, minmay_shoptagon, uniq_agnes
Snake:3:  nicolae_snake_nest, layout_onion, nicolae_snake_gridmaze_tees,
          hellmonk_guarded_unrand_salamander, serial_bayou_shore_b
Snake:4:  snake_pit_salamanders_mu, layout_misc_corridors, uniq_aizul
Orc:1:    minmay_goldmine, layout_diamond_mine, serial_shops,
          nicolae_shop_waterfront, mines1_david
Orc:2:    grunt_orc_community_town_hall, layout_diamond_mine,
          grunt_orc_community_big_house_2, grunt_orc_community_big_house_2,
          grunt_orc_community_house_1, grunt_orc_community_house_1,
          grunt_orc_community_house_1, grunt_orc_community_house_1,
          grunt_orc_community_house_3, lightli_orcish_oven, uniq_erolcha

Skill      XL: |  1  2  3  4  5  6  7  8  9 10 11 12 13 14 15 16 17 18 19 |
---------------+----------------------------------------------------------+-----
Long Blades    | 3 4 5 6 8 9 10 11 12 13 14 15 | 15.2
Armour         | 2 3 4 5 6 7 8 9 10 | 10.7
Spellcasting   | 1 2 3 4 5 6 7 8 9 10 | 10.4
Conjurations   | 1 2 3 4 5 6 7 8 9 10 | 10.4
Hexes          | 1 2 3 4 5 6 7 8 9 10 | 10.4
Summonings     | 1 2 3 4 5 6 7 8 9 10 | 10.4
Necromancy     | 1 2 3 4 5 6 7 8 9 10 | 10.4
Translocations | 1 2 3 4 5 6 7 8 9 10 | 10.4
Fire Magic     | 1 2 3 4 5 6 7 8 9 10 | 10.4
Ice Magic      | 1 2 3 4 5 6 7 8 9 10 | 10.4
Air Magic      | 1 2 3 4 5 6 7 8 9 10 | 10.4
Earth Magic    | 1 2 3 4 5 6 7 8 9 10 | 10.4
Alchemy        | 1 2 3 4 5 6 7 8 9 10 | 10.4
Fighting       | 4 5 6 7 8 9 10 12 13 14 15 | 15.4
Dodging        | 3 4 5 6 7 8 9 10 12 13 14 15 | 15.6
Evocations     | 2 4 5 7 9 10 11 | 11.4
Shields        | 2 4 6 7 8 9 10 | 10.3

Action                     |  1- 3 |  4- 6 |  7- 9 | 10-12 | 13-15 | 16-18 | 19-21 || total
---------------------------+-------+-------+-------+-------+-------+-------+-------++-------
  Melee: Falchion          |    51 |    70 |   313 |       |       |       |       ||   434
         Punch             |       |       |     5 |     3 |       |       |       ||     8
         Long sword        |       |       |    13 |   223 |   378 |  1853 |   599 ||  3066
         Headbutt          |       |       |       |   124 |    10 |       |       ||   134
         Scimitar          |       |       |       |   233 |   278 |       |       ||   511
   Cast: Swiftness         |       |       |     1 |     1 |     1 |       |       ||     3
         Eringya's Noxious |       |       |       |       |       |     4 |     2 ||     6
         Blink             |       |       |       |       |       |     3 |     2 ||     5
         Plasma Beam       |       |       |       |       |       |     1 |     4 ||     5
  Evoke: Wand              |       |       |       |     5 |    28 |     6 |     2 ||    41
         Phial of floods   |       |       |       |       |     1 |       |       ||     1
         Sack of spiders   |       |       |       |       |       |       |     1 ||     1
    Use: Potion            |       |       |     1 |     1 |     1 |       |     3 ||     6
         Scroll            |       |       |    10 |     6 |     6 |     2 |     1 ||    25
   Stab: Distracted        |     1 |       |       |     2 |     1 |     8 |     3 ||    15
         Sleeping          |     2 |     6 |    13 |     4 |     5 |    12 |     1 ||    43
         Petrified         |       |       |     5 |     8 |       |     2 |     7 ||    22
         Invisible         |       |       |     4 |     1 |    12 |       |       ||    17
         Petrifying        |       |       |     1 |     4 |     1 |     1 |     1 ||     8
         Confused          |       |       |     1 |     3 |    11 |    14 |     5 ||    34
         Paralysed         |       |       |       |     1 |     1 |       |       ||     2
 Armour: Leather armour    |    28 |    34 |   183 |    51 |       |       |    45 ||   341
         Acid dragon scale |       |       |       |   174 |   236 |   183 |       ||   593
         Animal skin       |       |       |       |       |       |   293 |    96 ||   389
  Dodge: Dodged            |    30 |    41 |   259 |   346 |   504 |  1158 |   325 ||  2663
  Block: Buckler           |       |       |       |   133 |   382 |   876 |   335 ||  1726
         Reflection        |       |       |       |       |       |    42 |    33 ||    75
